[Event "Titled Tuesday Blitz February 21 Early 2023"]
[White "Petrovic, Aleksa"]
[Black "Krzywda, Andrzej"]
[WhiteFideId "967629"]
[BlackFideId "1114565"]
[WhiteElo "2332"]
[BlackElo "2223"]
[Result "0-1"]
[Round "05"]
[TimeControl "180+2"]
[Date "2023.02.21"]
[WhiteClock "0:00:18"]
[BlackClock "0:01:44"]

1. d4 Nf6 2. c4 e6 3. Nf3 b6 4. g3 Bb7 5. Bg2 c5 6. d5 exd5 7. Nh4 g6 8. O-O Bg7 9. Nc3 O-O 10. cxd5 d6 11. e4 Re8 12. Re1 a6 13. a4 Nbd7 14. f4 Qc7 15. Kh1 c4 16. Be3 Nc5 17. Bg1 Nfd7 18. Re2 Nd3 19. Qf1 Nxb2 20. Rxb2 Bxc3 21. Rc2 Bxa1 22. Rxc4 Nc5 23. Qxa1 b5 24. Rc1 Qe7 25. e5 Nb3 26. Qb2 Nxc1 27. Qxc1 Rac8 28. Qd2 dxe5 29. fxe5 Qxe5 30. Nf3 Qxd5 31. Qh6 Qxf3 0-1


[Site "https://www.chess.com"]

[Event "Titled Tuesday Blitz February 21 Early 2023"]
[White "Arenas, David"]
[Black "Shubin, Daniel"]
[WhiteFideId "4403177"]
[BlackFideId "30936470"]
[WhiteElo "2426"]
[BlackElo "2231"]
[Result "1-0"]
[Round "05"]
[TimeControl "180+2"]
[Date "2023.02.21"]
[WhiteClock "0:01:11"]
[BlackClock "0:01:10"]

1. d4 d5 2. c4 e6 3. Nf3 Nf6 4. g3 Be7 5. Bg2 O-O 6. O-O c6 7. Nc3 b6 8. Bf4 Bb7 9. cxd5 cxd5 10. Rc1 Nh5 11. Bxb8 Rxb8 12. e3 Rc8 13. Qa4 Bc6 14. Qb3 Nf6 15. Ne5 Bb7 16. Qa4 a5 17. Nb5 Ba6 18. Qb3 Nd7 19. Nc6 Rxc6 20. Rxc6 Nb8 21. Rc2 a4 22. Qxa4 Qd7 23. Nc3 Qxa4 24. Nxa4 Bxf1 25. Bxf1 Nd7 26. Rc7 Rd8 27. Bb5 Nf6 28. Rxe7 Ne4 29. Nc3 Re8 30. Rxe8# 1-0


[Site "https://www.chess.com"]

[Event "Titled Tuesday Blitz February 21 Early 2023"]
[White "Turzo, Attila"]
[Black "Gerbelli Neto, Eduardo"]
[WhiteFideId "704954"]
[BlackFideId "2103281"]
[WhiteElo "2279"]
[BlackElo "2114"]
[Result "1-0"]
[Round "05"]
[TimeControl "180+2"]
[Date "2023.02.21"]
[WhiteClock "0:00:17"]
[BlackClock "0:00:01"]

1. d4 d5 2. c4 c6 3. Nc3 Nf6 4. e3 e6 5. Nf3 Nbd7 6. Be2 dxc4 7. a4 Bb4 8. O-O O-O 9. Bxc4 Qe7 10. Qe2 e5 11. Rd1 e4 12. Nd2 Nb6 13. Bb3 Nbd5 14. Nxd5 cxd5 15. h3 Bd7 16. Nf1 Rac8 17. Bd2 Bd6 18. Rdc1 a6 19. Ba5 Bc6 20. Rc2 h5 21. Rac1 Qe6 22. Bb6 g5 23. Bc5 h4 24. Bxd6 Qxd6 25. Rc5 Qe6 26. Bd1 b6 27. R5c3 b5 28. axb5 Bxb5 29. Qd2 Rxc3 30. Qxc3 Kg7 31. Qc7 Bd7 32. Qb7 Rc8 33. Rxc8 Bxc8 34. Qc7 Bd7 35. Nd2 Bb5 36. Nb3 Qc6 37. Qxc6 Bxc6 38. Kf1 Bb5+ 39. Ke1 Nd7 40. Be2 Kf6 41. Bxb5 axb5 42. Kd2 Ke6 43. Kc2 Kd6 44. Kc3 Nb6 45. Nc1 Kc6 46. b3 f5 47. f3 exf3 48. gxf3 Nc8 49. Nd3 Nd6 50. Ne5+ Kc7 51. Kb4 Kb6 52. Nd7+ Kc6 53. Nf6 g4 54. fxg4 fxg4 55. Nxg4 Ne4 56. Ne5+ Kb6 57. Nd3 Ng5 58. Nf4 Nf3 59. Nxd5+ Kc6 60. Nf4 Ng5 61. Kc3 Ne4+ 62. Kd3 Nd6 63. e4 b4 64. e5 Nb5 65. d5+ 1-0


[Site "https://www.chess.com"]

[Event "Titled Tuesday Blitz February 21 Early 2023"]
[White "I_KID_you_not"]
[Black "Kokoszczynski, Jan"]
[BlackFideId "1174460"]
[WhiteElo "2364"]
[BlackElo "2247"]
[Result "0-1"]
[Round "05"]
[TimeControl "180+2"]
[Date "2023.02.21"]
[WhiteClock "0:00:07"]
[BlackClock "0:00:04"]

1. e4 e5 2. Bc4 Nf6 3. d3 c6 4. Nf3 d5 5. Bb3 a5 6. a4 Bb4+ 7. c3 Bd6 8. exd5 cxd5 9. Bg5 Be6 10. Na3 Nc6 11. Nb5 Bb8 12. O-O h6 13. Bh4 O-O 14. Re1 Re8 15. Nd2 Ra6 16. Rc1 g5 17. Bg3 Bg4 18. Qc2 Bf5 19. Nf1 Qd7 20. Ne3 Bg6 21. Qd1 d4 22. Nc4 dxc3 23. Rxc3 Nd5 24. Rc1 Nf4 25. Bxf4 gxf4 26. d4 e4 27. d5 Ne5 28. d6 Nxc4 29. Rxc4 Rc6 30. Rxc6 bxc6 31. Nc7 Bxc7 32. dxc7 Qxc7 33. Qd4 Qe5 34. Qd7 c5 35. h3 e3 36. fxe3 fxe3 37. Bc4 Re7 38. Qd8+ Kg7 39. Re2 Qd4 40. Qxe7 Qxc4 41. Qe5+ Kg8 42. Qxe3 Qxa4 43. Qe8+ Qxe8 44. Rxe8+ Kg7 45. Rc8 a4 46. Rxc5 Bd3 47. Kf2 Kg6 48. Ke3 Bf1 49. Kf2 Bd3 50. g3 h5 51. h4 Bb1 52. Rg5+ Kh6 53. Rf5 Bxf5 0-1


[Site "https://www.chess.com"]

[Event "Titled Tuesday Blitz February 21 Early 2023"]
[White "Reprintsev, Alexander"]
[Black "Lorenzo De La Riva, Lazaro"]
[WhiteFideId "14100541"]
[BlackFideId "2268809"]
[WhiteElo "2253"]
[BlackElo "2404"]
[Result "1-0"]
[Round "05"]
[TimeControl "180+2"]
[Date "2023.02.21"]
[WhiteClock "0:00:18"]
[BlackClock "0:00:03"]

1. e4 d6 2. d4 Nf6 3. Nc3 c6 4. Be2 e5 5. Be3 Nbd7 6. g4 h6 7. Qd2 b5 8. f3 b4 9. Nd1 a5 10. Nf2 Qc7 11. h4 c5 12. dxe5 Nxe5 13. f4 Nc6 14. g5 Nd7 15. gxh6 Rxh6 16. Ng4 Rh8 17. h5 Nb6 18. h6 Bxg4 19. Bxg4 Nc4 20. Qe2 Nxe3 21. Qxe3 gxh6 22. O-O-O Bg7 23. Nf3 Nd4 24. Nxd4 cxd4 25. Qb3 Qc5 26. Rh5 Qb6 27. Qd5 Rb8 28. Rf5 Rb7 29. Bh5 Rf8 30. Rg1 Bh8 31. Rg8 Rxg8 32. Bxf7+ Kd8 33. Bxg8 d3 34. Rf8+ Kc7 35. Qf7+ Kc6 36. Rc8+ Rc7 37. Qd5+ Kd7 38. Qf5+ Kc6 39. Bd5+ Kc5 40. Bb7+ Kd4 41. Qd5+ Ke3 42. Qxd3+ Kf2 43. Rxh8 Qxb7 44. Rxh6 Rg7 45. Rh2+ Kg1 46. Re2 1-0


[Site "https://www.chess.com"]

[Event "Titled Tuesday Blitz February 21 Early 2023"]
[White "Sovetbekova, Nurai"]
[Black "Balla, Tamas-Kristof"]
[WhiteFideId "13801910"]
[BlackFideId "1208497"]
[WhiteElo "1764"]
[BlackElo "2303"]
[Result "0-1"]
[Round "05"]
[TimeControl "180+2"]
[Date "2023.02.21"]
[WhiteClock "0:00:01"]
[BlackClock "0:01:06"]

1. d4 d5 2. c4 e6 3. Nc3 c5 4. cxd5 exd5 5. Nf3 Nc6 6. Bg5 Be7 7. Bxe7 Ngxe7 8. dxc5 d4 9. Ne4 O-O 10. e3 Bf5 11. Nd6 Qa5+ 12. Qd2 Qxc5 13. Nxb7 Qb6 14. Nd6 dxe3 15. fxe3 Rad8 16. Rd1 Nb4 17. Bc4 Bc2 18. O-O Bxd1 19. Rxd1 Nf5 20. Nxf5 Rxd2 21. Rxd2 Qc5 22. Nd6 Qxe3+ 23. Rf2 Nd3 24. Bxd3 Qxd3 25. Nf5 Qxf5 0-1


[Site "https://www.chess.com"]

[Event "Titled Tuesday Blitz February 21 Early 2023"]
[White "Deev, Andrei"]
[Black "Taboas Rodriguez, Daniel"]
[WhiteFideId "4102690"]
[BlackFideId "2208466"]
[WhiteElo "2390"]
[BlackElo "2371"]
[Result "0-1"]
[Round "05"]
[TimeControl "180+2"]
[Date "2023.02.21"]
[WhiteClock "0:00:02"]
[BlackClock "0:00:53"]

1. e4 e5 2. Nf3 Nc6 3. Bc4 Nf6 4. d3 Bc5 5. Nc3 d6 6. h3 Be6 7. Bb3 Bxb3 8. axb3 Nd4 9. Nxd4 Bxd4 10. Ne2 Bb6 11. Ng3 g6 12. Bh6 Qe7 13. O-O O-O-O 14. Be3 Kb8 15. Bxb6 cxb6 16. Qe2 Rhe8 17. f4 d5 18. exd5 exf4 19. Qxe7 Rxe7 20. Rxf4 Nxd5 21. Rf2 f5 22. Nf1 Rde8 23. Nd2 Re2 24. Nf3 Nb4 25. Nd4 Rxf2 26. Kxf2 Rd8 27. Nf3 Nxc2 28. Rd1 Nd4 29. Nxd4 Rxd4 30. Ke3 Rb4 31. d4 Rxb3+ 32. Kf4 Rxb2 33. g4 fxg4 34. hxg4 h5 35. g5 Rg2 36. d5 Kc7 37. d6+ Kd7 38. Ra1 a6 39. Rb1 b5 40. Rd1 Rg4+ 41. Ke5 Rxg5+ 42. Kf6 Rg2 43. Kf7 0-1


[Site "https://www.chess.com"]

[Event "Titled Tuesday Blitz February 21 Early 2023"]
[White "Guzman Moneo, Alberto"]
[Black "Karas, Marek"]
[WhiteFideId "2209616"]
[BlackFideId "14928558"]
[WhiteElo "2170"]
[BlackElo "2227"]
[Result "0-1"]
[Round "05"]
[TimeControl "180+2"]
[Date "2023.02.21"]
[WhiteClock "0:00:33"]
[BlackClock "0:00:18"]

1. e4 g6 2. d4 Bg7 3. Nf3 d6 4. Bc4 e6 5. Qe2 a6 6. c3 b5 7. Bb3 Bb7 8. Bg5 Ne7 9. Nbd2 h6 10. Bh4 Nd7 11. a4 bxa4 12. Bxa4 O-O 13. O-O Nb6 14. Bb3 Qd7 15. Rfe1 g5 16. Bxg5 hxg5 17. Nxg5 Ng6 18. Qh5 Rfe8 19. Re3 Nf8 20. Rg3 f6 21. Nh3 Qf7 22. Qg4 d5 23. Nf4 f5 24. exf5 exf5 25. Qg5 Ne6 26. Nxe6 Rxe6 27. Nf3 Qf6 28. Qh5 Qh6 29. Qxf5 Rf8 30. Qg4 Bc8 31. Qg5 Qxg5 32. Rxg5 Re2 33. Ra2 Bf5 34. h3 Be4 35. Ne5 Rfxf2 36. Rxa6 Rxg2+ 37. Rxg2 Rxg2+ 38. Kf1 Rxb2 39. Bd1 Bxe5 40. Ra7 Bg3 41. Rxc7 Bxc7 0-1


[Site "https://www.chess.com"]

[Event "Titled Tuesday Blitz February 21 Early 2023"]
[White "Ezat, Mohamed"]
[Black "Bogaudinov, Rushan"]
[WhiteFideId "10600906"]
[BlackFideId "4129288"]
[WhiteElo "2402"]
[BlackElo "1939"]
[Result "0-1"]
[Round "05"]
[TimeControl "180+2"]
[Date "2023.02.21"]
[WhiteClock "0:00:02"]
[BlackClock "0:00:32"]

1. d4 Nf6 2. c4 e6 3. Nc3 d5 4. cxd5 Nxd5 5. e4 Nxc3 6. bxc3 Be7 7. Nf3 c5 8. Bd3 O-O 9. O-O cxd4 10. cxd4 Nc6 11. Bb2 b6 12. a3 Na5 13. d5 Bd7 14. Ne5 Bf6 15. Nxd7 Bxb2 16. Nxf8 Bxa1 17. Nxe6 fxe6 18. Qxa1 exd5 19. Rd1 d4 20. e5 Rc8 21. h3 Rc3 22. Qa2+ Kf8 23. Qe2 Qc7 24. Qf3+ Ke7 25. Qf4 Nc6 26. Qg5+ Kf8 27. e6 Qe5 28. Qg4 Ke7 29. Qf3 Qxe6 30. Bf1 Rxf3 31. gxf3 Qe5 32. Bg2 Kd6 33. Kf1 Qb5+ 34. Kg1 Qb3 35. Re1 Qxa3 36. f4 d3 37. f5 d2 38. Re6+ Kd7 39. Bxc6+ Kc7 40. Bf3 Qxf3 41. Re7+ Kc6 42. Re3 Qxe3 43. Kh2 Qxf2+ 44. Kh1 d1=Q# 0-1


[Site "https://www.chess.com"]

[Event "Titled Tuesday Blitz February 21 Early 2023"]
[White "Fernandez Siles, Luis"]
[Black "Manukyan, Artyom"]
[WhiteFideId "2209420"]
[BlackFideId "13305786"]
[WhiteElo "2218"]
[BlackElo "2110"]
[Result "1-0"]
[Round "05"]
[TimeControl "180+2"]
[Date "2023.02.21"]
[WhiteClock "0:00:46"]
[BlackClock "0:00:04"]

1. d4 d5 2. c4 e6 3. Nc3 Nf6 4. Nf3 c5 5. e3 Nc6 6. a3 cxd4 7. exd4 dxc4 8. Bxc4 Be7 9. Qd3 O-O 10. O-O b6 11. Ba2 Bb7 12. Bg5 g6 13. Rad1 Re8 14. Rfe1 Nd5 15. Nxd5 Bxg5 16. Nxg5 Qxg5 17. Ne3 Rad8 18. d5 exd5 19. Bxd5 Ne7 20. h4 Qe5 21. Ng4 Qxd5 22. Nf6+ Kg7 23. Nxd5 Rxd5 24. Qc3+ f6 25. Rxe7+ Rxe7 26. Rxd5 1-0


[Site "https://www.chess.com"]

[Event "Titled Tuesday Blitz February 21 Early 2023"]
[White "Garv Gaur"]
[Black "Sailer, Mike"]
[WhiteFideId "45030839"]
[BlackFideId "2012901"]
[WhiteElo "2006"]
[BlackElo "2109"]
[Result "1-0"]
[Round "05"]
[TimeControl "180+2"]
[Date "2023.02.21"]
[WhiteClock "0:00:19"]
[BlackClock "0:00:21"]

1. Nf3 d5 2. g3 Nf6 3. Bg2 Bf5 4. c4 c6 5. O-O e6 6. b3 Be7 7. Bb2 O-O 8. d3 h6 9. Nbd2 Bh7 10. a3 a5 11. Ne5 Nbd7 12. Ndf3 Nxe5 13. Nxe5 Nd7 14. Nf3 Bf6 15. d4 b5 16. cxb5 cxb5 17. Ne5 Nxe5 18. dxe5 Be7 19. Qd2 Qb6 20. Rac1 Rfc8 21. e3 b4 22. a4 Qb7 23. Rfd1 Bc5 24. Bf1 Rc7 25. Bb5 Be4 26. Bd4 Bxd4 27. Qxd4 Rac8 28. Qd2 Rc2 29. Rxc2 Rxc2 30. Qd4 Qc7 31. Bd3 Bxd3 32. Rxd3 Rc1+ 33. Kg2 Qc2 34. e4 dxe4 35. Qxe4 g6 36. Rd8+ Kg7 37. Qa8 Qc6+ 38. Qxc6 Rxc6 39. Ra8 Rc3 40. Rxa5 Rxb3 41. Rb5 g5 42. h4 g4 43. a5 Ra3 44. Rxb4 Rxa5 45. Rxg4+ Kf8 46. Re4 Ke7 47. Kf3 f6 48. exf6+ 1-0


[Site "https://www.chess.com"]

[Event "Titled Tuesday Blitz February 21 Early 2023"]
[White "Baches Garcia, Guillermo"]
[Black "tandercat"]
[WhiteFideId "2209764"]
[WhiteElo "2327"]
[BlackElo "1859"]
[Result "1-0"]
[Round "05"]
[TimeControl "180+2"]
[Date "2023.02.21"]
[WhiteClock "0:01:05"]
[BlackClock "0:00:58"]

1. e4 c5 2. Nf3 Nc6 3. d4 cxd4 4. Nxd4 e5 5. Nb5 d6 6. N1c3 a6 7. Na3 Be7 8. Be3 b5 9. Nd5 Rb8 10. c4 b4 11. Nc2 a5 12. h4 Nf6 13. Nxf6+ Bxf6 14. g3 O-O 15. b3 Be6 16. Bh3 Bxh3 17. Rxh3 Qd7 18. Rh1 Qe6 19. Kf1 Nd4 20. Kg2 Bd8 21. Nxd4 exd4 22. Qxd4 Bb6 23. Qd5 Bxe3 24. Qxe6 fxe6 25. fxe3 Rf6 26. Rhf1 Rbf8 27. Rxf6 Rxf6 28. Rd1 1-0


[Site "https://www.chess.com"]

[Event "Titled Tuesday Blitz February 21 Early 2023"]
[White "Shubenkova, Veronika"]
[Black "Averjanov, Alexey"]
[WhiteFideId "44124040"]
[BlackFideId "14109867"]
[WhiteElo "1960"]
[BlackElo "2399"]
[Result "0-1"]
[Round "05"]
[TimeControl "180+2"]
[Date "2023.02.21"]
[WhiteClock "0:01:59"]
[BlackClock "0:01:08"]

1. e4 c6 2. d4 d5 3. Nc3 dxe4 4. Nxe4 Bf5 5. Ng3 Bg6 6. Nf3 Nd7 7. c3 e6 8. Bd3 Ngf6 9. h4 Bd6 10. h5 Bxd3 11. Qxd3 h6 12. Bd2 Qc7 13. Ne2 c5 14. Rd1 O-O 15. O-O Nxh5 16. Bc1 Rad8 17. d5 exd5 18. Qxd5 Ndf6 19. Qf5 Rfe8 20. Rfe1 Rxe2 21. Rxe2 Bh2+ 22. Nxh2 Rxd1+ 23. Nf1 Rxc1 24. g4 Nf4 25. Re5 Nh3+ 26. Kg2 Qc6+ 27. Kxh3 Rxf1 28. Rxc5 Qh1+ 29. Kg3 Qg1+ 30. Kh3 Qh1+ 31. Kg3 Ne4+ 0-1


[Site "https://www.chess.com"]

[Event "Titled Tuesday Blitz February 21 Early 2023"]
[White "Orlov, Georgi"]
[Black "Lerch, Philipp"]
[WhiteFideId "2011271"]
[BlackFideId "4654129"]
[WhiteElo "2453"]
[BlackElo "2305"]
[Result "1-0"]
[Round "05"]
[TimeControl "180+2"]
[Date "2023.02.21"]
[WhiteClock "0:00:13"]
[BlackClock "0:00:02"]

1. e4 c6 2. Nf3 d5 3. Nc3 Bg4 4. h3 Bxf3 5. Qxf3 e6 6. d4 dxe4 7. Qxe4 Nf6 8. Qh4 Be7 9. Bd3 h6 10. Bd2 Nbd7 11. O-O-O Qb6 12. Be3 Nd5 13. Nxd5 cxd5 14. Qg3 Bf6 15. c3 Qa5 16. Kb1 b5 17. Qd6 Be7 18. Qc6 Rb8 19. Bf4 Qb6 20. Qxb6 Rxb6 21. Kc2 O-O 22. Kd2 Rc8 23. Rc1 a5 24. h4 b4 25. c4 dxc4 26. Rxc4 Rxc4 27. Bxc4 Bd6 28. Be3 Rb8 29. Rc1 Nf6 30. Kd3 Kf8 31. Bb3 Ke7 32. Rc6 Ra8 33. Rb6 Bc7 34. Rb7 Kd7 35. Ba4+ Kc8 36. Rb5 Nd5 37. g3 Nb6 38. Bb3 Kd7 39. a4 bxa3 40. bxa3 a4 41. Ba2 Nc8 42. d5 Bd6 43. dxe6+ fxe6 44. Bc1 Kc6 45. Rb1 Bc5 46. Ke2 Kd6 47. Bb2 e5 48. Rd1+ Ke7 49. Rd5 Bd6 50. Rb5 Rb8 51. Rxb8 Bxb8 52. Kd3 Nb6 53. Ke4 Bd6 54. h5 Nd7 55. Kf5 Nc5 56. g4 Nd3 57. Bc3 Bxa3 58. f4 exf4 59. Bxg7 f3 60. Bc4 Nc5 61. Bxh6 f2 62. Be3 1-0


[Site "https://www.chess.com"]

[Event "Titled Tuesday Blitz February 21 Early 2023"]
[White "Can, Melih Kaan"]
[Black "Ibadov, Dashgyn"]
[WhiteFideId "6317383"]
[BlackFideId "24107514"]
[WhiteElo "2069"]
[BlackElo "2391"]
[Result "0-1"]
[Round "05"]
[TimeControl "180+2"]
[Date "2023.02.21"]
[WhiteClock "0:00:02"]
[BlackClock "0:00:04"]

1. d4 Nf6 2. c4 c5 3. d5 d6 4. Nc3 g6 5. e4 Bg7 6. Be2 O-O 7. Be3 e6 8. Nf3 exd5 9. cxd5 Re8 10. Nd2 Na6 11. O-O Nc7 12. a4 b6 13. Bg5 h6 14. Bh4 Ba6 15. Bxa6 Nxa6 16. Re1 Nb4 17. Nc4 a6 18. f4 Qc7 19. e5 dxe5 20. fxe5 Nh5 21. d6 Qc6 22. Ne4 b5 23. axb5 axb5 24. Rxa8 Rxa8 25. d7 bxc4 26. d8=Q+ Rxd8 27. Qxd8+ Kh7 28. Nf6+ Bxf6 29. Bxf6 Nxf6 30. exf6 Nd5 31. Re8 g5 32. Rh8+ Kg6 33. Qg8+ Kf5 34. Qxf7 Nf4 0-1


[Site "https://www.chess.com"]

[Event "Titled Tuesday Blitz February 21 Early 2023"]
[White "Kalajzic, Ivan"]
[Black "Santos Flores, Alberto"]
[WhiteFideId "14506378"]
[BlackFideId "3601234"]
[WhiteElo "2062"]
[BlackElo "2164"]
[Result "1/2-1/2"]
[Round "05"]
[TimeControl "180+2"]
[Date "2023.02.21"]
[WhiteClock "0:00:08"]
[BlackClock "0:01:20"]

1. b3 d5 2. Bb2 Bf5 3. e3 e6 4. Nf3 h6 5. d4 Nf6 6. Bd3 Bxd3 7. cxd3 Nbd7 8. Nbd2 Be7 9. O-O O-O 10. Ne5 Nxe5 11. dxe5 Nd7 12. d4 f6 13. f4 fxe5 14. dxe5 Bc5 15. Rf3 Qe7 16. Kh1 Kh8 17. Bd4 Bxd4 18. exd4 c5 19. dxc5 Nxc5 20. Qg1 Rac8 21. Qe3 Nd7 22. Raf1 Qc5 23. Qd3 Qc2 24. Qe3 Qxa2 25. f5 exf5 26. e6 Nf6 27. Rxf5 Qb2 28. e7 Rfe8 29. Rxf6 gxf6 30. Qxh6+ Kg8 31. Qg6+ Kh8 32. Qh6+ Kg8 33. Qg6+ Kh8 34. Qh6+ 1/2-1/2


[Site "https://www.chess.com"]

[Event "Titled Tuesday Blitz February 21 Early 2023"]
[White "Petrova, Irina"]
[Black "Jaskolka, Tomasz"]
[WhiteFideId "14124122"]
[BlackFideId "1170791"]
[WhiteElo "2108"]
[BlackElo "2238"]
[Result "0-1"]
[Round "05"]
[TimeControl "180+2"]
[Date "2023.02.21"]
[WhiteClock "0:00:13"]
[BlackClock "0:00:10"]

1. e4 c5 2. Nf3 e6 3. c4 Nc6 4. Nc3 g5 5. h3 Bg7 6. Be2 h6 7. O-O Nge7 8. d3 Ng6 9. Be3 d6 10. d4 cxd4 11. Nxd4 a6 12. Rc1 Nf4 13. Nxc6 bxc6 14. Bd4 Bxd4 15. Qxd4 e5 16. Qd2 g4 17. Bxg4 h5 18. Bxc8 Qg5 19. f3 Nxh3+ 20. Bxh3 Qxd2 21. b3 Ke7 22. Rfd1 Qe3+ 23. Kh2 Rag8 24. c5 Rg6 25. cxd6+ Rxd6 26. Rxd6 Kxd6 27. Rd1+ Kc5 28. Na4+ Kb4 29. Rd7 Qf4+ 30. Kg1 Rg8 31. Nb6 Qxf3 32. Kh1 Qf1+ 33. Kh2 Qf4+ 34. Kh1 Rg3 35. Rb7 Rxh3+ 36. gxh3 Qxe4+ 37. Kh2 Qf4+ 38. Kh1 Ka3 39. Nc4+ Kxa2 40. Rb4 Qf1+ 41. Kh2 Qf2+ 42. Kh1 e4 43. Ra4+ Kxb3 44. Ra3+ Kxc4 45. h4 Qe1+ 46. Kg2 Qe2+ 47. Kh1 Qd1+ 48. Kh2 Qd2+ 49. Kh3 Qd3+ 50. Rxd3 exd3 51. Kh2 d2 0-1


[Site "https://www.chess.com"]

[Event "Titled Tuesday Blitz February 21 Early 2023"]
[White "Sai Han Thiha"]
[Black "Gamage, Wanshini Vidusama"]
[WhiteFideId "13012290"]
[BlackFideId "9953752"]
[WhiteElo "2070"]
[BlackElo "1089"]
[Result "1-0"]
[Round "05"]
[TimeControl "180+2"]
[Date "2023.02.21"]
[WhiteClock "0:00:43"]
[BlackClock "0:00:10"]

1. d4 Nf6 2. c4 g6 3. Nc3 d5 4. Nf3 Bg7 5. Qb3 dxc4 6. Qxc4 O-O 7. e4 Nc6 8. Be2 e5 9. d5 Nd4 10. Nxd4 exd4 11. Qxd4 c6 12. Qc4 b5 13. Qxc6 Bd7 14. Qd6 Re8 15. O-O Nxe4 16. Nxe4 Rxe4 17. Bf3 Be5 18. Qa3 Ra4 19. Qe3 Bd4 20. Qd2 Qf6 21. Rb1 Rxa2 22. Rd1 Be5 23. d6 Rc8 24. Qd5 Be6 25. Qb7 Rd8 26. Qxb5 Bf5 27. Bg5 Bxh2+ 28. Kxh2 Qxg5 29. Rbc1 Rxb2 30. Qxb2 Qf4+ 31. Kg1 Rxd6 32. Qb8+ 1-0


[Site "https://www.chess.com"]

[Event "Titled Tuesday Blitz February 21 Early 2023"]
[White "Liu, Casper"]
[Black "Malka, Samuel"]
[WhiteFideId "1454153"]
[BlackFideId "20643675"]
[WhiteElo "2278"]
[BlackElo "2165"]
[Result "1-0"]
[Round "05"]
[TimeControl "180+2"]
[Date "2023.02.21"]
[WhiteClock "0:01:11"]
[BlackClock "0:00:02"]

1. d4 Nf6 2. Bf4 g6 3. Nc3 d5 4. Nb5 Na6 5. e3 Bg7 6. Nf3 c6 7. Na3 Nc7 8. b4 a6 9. h3 O-O 10. c4 dxc4 11. Be5 b5 12. Nc2 Ncd5 13. a4 Ne4 14. Bxg7 Kxg7 15. Ne5 Qd6 16. g4 Nxb4 17. Bg2 Nf6 18. O-O Nxc2 19. Qxc2 Bb7 20. Rfb1 Rfb8 21. axb5 axb5 22. Rxa8 Bxa8 23. Qa2 Nd5 24. Qa7 Bb7 25. Nxc4 bxc4 26. Rxb7 Rxb7 27. Qxb7 c3 28. Qb3 Qc7 29. e4 Nf4 30. Bf1 Qa5 31. Bc4 e6 32. Kh2 Qa1 33. Qc2 Qe1 34. Kg3 g5 35. Kf3 Qh1+ 36. Ke3 Qxh3+ 37. f3 Qh1 38. Qxc3 Qg1+ 39. Kd2 Qf2+ 40. Kd1 f6 41. e5 fxe5 42. dxe5 h5 43. gxh5 Nxh5 44. Bxe6 Nf4 45. Bf5 1-0


[Site "https://www.chess.com"]

[Event "Titled Tuesday Blitz February 21 Early 2023"]
[White "Ronka, Erik"]
[Black "Jiganchine, Roman"]
[WhiteFideId "505080"]
[BlackFideId "2603667"]
[WhiteElo "2276"]
[BlackElo "2205"]
[Result "1-0"]
[Round "05"]
[TimeControl "180+2"]
[Date "2023.02.21"]
[WhiteClock "0:00:12"]
[BlackClock "0:00:05"]

1. e4 c6 2. Nf3 d5 3. Nc3 dxe4 4. Nxe4 Nf6 5. Qe2 Nxe4 6. Qxe4 Qd5 7. Qf4 Qf5 8. Qe3 Qe6 9. b3 Qxe3+ 10. fxe3 f6 11. Bb2 e5 12. O-O-O Be6 13. Rg1 h5 14. Be2 a5 15. Rdf1 a4 16. Nh4 Bc5 17. Ng6 Rh7 18. d4 Bb6 19. Bd3 Rh6 20. Kd2 axb3 21. axb3 Ra2 22. Kc1 Nd7 23. Re1 Kf7 24. Nh4 g6 25. Rgf1 Kg7 26. h3 Ba5 27. Re2 c5 28. Nf3 cxd4 29. exd4 Bd5 30. dxe5 fxe5 31. Nxe5 Nxe5 32. Bxe5+ Kg8 33. Bb2 Bb6 34. Bc3 Ra8 35. Kd2 Rf8 36. Rxf8+ Kxf8 37. Be4 Be6 38. Bf3 Bd7 39. Bxb7 Rh7 40. Bb4+ Kg8 41. Bd5+ Kh8 42. Bc3+ 1-0


[Site "https://www.chess.com"]

[Event "Titled Tuesday Blitz February 21 Early 2023"]
[White "SicilianPanzer"]
[Black "Chakravarthi Reddy, M"]
[BlackFideId "25009532"]
[WhiteElo "2254"]
[BlackElo "2279"]
[Result "0-1"]
[Round "05"]
[TimeControl "180+2"]
[Date "2023.02.21"]
[WhiteClock "0:00:01"]
[BlackClock "0:00:23"]

1. e4 e5 2. Nf3 Nc6 3. d4 exd4 4. Nxd4 Qf6 5. c3 Bc5 6. Be3 Qg6 7. Nd2 Nf6 8. Qf3 Ne5 9. Qg3 Neg4 10. Qxc7 Bb6 11. Qf4 d5 12. e5 Nd7 13. N2f3 O-O 14. O-O-O Re8 15. Bd3 Qh5 16. Rhe1 Ngxe5 17. Be2 Qg6 18. Nxe5 Nxe5 19. Nf3 Bc7 20. Nxe5 Bxe5 21. Qf3 Be6 22. Bd3 Qf6 23. Qxf6 Bxf6 24. Bf4 Rac8 25. Be5 Bxe5 26. Rxe5 d4 27. Kc2 dxc3 28. bxc3 Bb3+ 29. axb3 Rxe5 0-1


[Site "https://www.chess.com"]

[Event "Titled Tuesday Blitz February 21 Early 2023"]
[White "Aarav Dengla"]
[Black "Ciuffoletti, Paolo"]
[WhiteFideId "45059756"]
[BlackFideId "807630"]
[WhiteElo "2343"]
[BlackElo "2106"]
[Result "1-0"]
[Round "05"]
[TimeControl "180+2"]
[Date "2023.02.21"]
[WhiteClock "0:00:23"]
[BlackClock "0:00:02"]

1. e4 c5 2. Nf3 Nc6 3. b3 d6 4. Bb2 Nf6 5. Nc3 g6 6. d4 cxd4 7. Nxd4 Bg7 8. Bb5 Bd7 9. Qd2 Nxd4 10. Qxd4 Bxb5 11. Nxb5 Qa5+ 12. Nc3 Nh5 13. Qd2 Rc8 14. Nd1 Qxd2+ 15. Kxd2 Bh6+ 16. Ke1 O-O 17. c4 Nf4 18. g3 Nd3+ 19. Ke2 Nxb2 20. Nxb2 Bg7 21. Rab1 b5 22. Kd3 Bxb2 23. Rxb2 bxc4+ 24. bxc4 Rc7 25. Rb4 Rfc8 26. Rhb1 a5 27. Ra4 Rc5 28. Rb5 Rxb5 29. cxb5 Ra8 30. Kc4 Kf8 31. b6 Ke8 32. Kb5 Kd7 33. b7 Rb8 34. Kb6 e5 35. Rxa5 f5 36. exf5 gxf5 37. Ra8 1-0


[Site "https://www.chess.com"]

[Event "Titled Tuesday Blitz February 21 Early 2023"]
[White "Papayan, Oleg"]
[Black "Mendez Machado, Andre"]
[WhiteFideId "4193911"]
[BlackFideId "6603793"]
[WhiteElo "2253"]
[BlackElo "1974"]
[Result "0-1"]
[Round "05"]
[TimeControl "180+2"]
[Date "2023.02.21"]
[WhiteClock "0:01:20"]
[BlackClock "0:00:32"]

1. e4 e5 2. Nf3 Nc6 3. Nc3 Nf6 4. Bb5 Nd4 5. O-O c6 6. Ba4 Nxf3+ 7. Qxf3 Bc5 8. Qg3 Qe7 9. Qxg7 Rg8 10. Qh6 Rg6 11. Qh4 d6 12. d3 Rg4 13. Qh6 Rg6 14. Qd2 Bh3 15. g3 Bxf1 16. Kxf1 Ng4 17. f3 Qf6 18. Qg2 Nxh2+ 19. Qxh2 Qxf3+ 20. Ke1 Rxg3 21. Ne2 Rg2 0-1


[Site "https://www.chess.com"]

[Event "Titled Tuesday Blitz February 21 Early 2023"]
[White "Gatterer, Florian"]
[Black "Delorme, Alban"]
[WhiteFideId "811688"]
[BlackFideId "623636"]
[WhiteElo "2170"]
[BlackElo "2298"]
[Result "0-1"]
[Round "05"]
[TimeControl "180+2"]
[Date "2023.02.21"]
[WhiteClock "0:00:04"]
[BlackClock "0:00:10"]

1. b3 Nf6 2. Bb2 g6 3. Nf3 Bg7 4. c4 O-O 5. g3 c5 6. Bg2 Nc6 7. O-O d6 8. d4 Bg4 9. d5 Bxf3 10. exf3 Nb8 11. f4 Nfd7 12. Bxg7 Kxg7 13. Qc2 Na6 14. Nc3 Nc7 15. f5 a6 16. a4 b5 17. axb5 axb5 18. fxg6 hxg6 19. cxb5 Ne5 20. b6 Ne8 21. Na4 Nd7 22. Qc3+ Nef6 23. g4 Kg8 24. g5 Nh5 25. b7 Rb8 26. Bf3 Ng7 27. b4 Rxb7 28. bxc5 dxc5 29. d6 Rb8 30. dxe7 Qxe7 31. Qd2 Ne6 32. h4 Nd4 33. Bg2 Ne5 34. f4 Nb3 35. Qe2 Nxa1 36. fxe5 Nb3 37. Nc3 Nd4 38. Qf2 Qxe5 39. Ne4 Rb2 40. Qe3 Rxg2+ 41. Kxg2 Kg7 42. Rf2 Nf5 43. Qf3 Nxh4+ 44. Kf1 Nxf3 45. Rxf3 Qxe4 46. Rf2 Rd8 47. Rxf7+ Kxf7 48. Kf2 Rd2+ 0-1


[Site "https://www.chess.com"]